 Dungeon Crawl Stone Soup version 0.29.0-4-gdea44cf6ec (webtiles) character file.

Game seed: 6914602430777436884

0 qw the Sneak (level 1, -2/14 HPs)
             Began as a Ghoul Enchanter on Sept 8, 2022.
             Slain by a kobold
             ... wielding a +0 short sword
              (3 damage)
             ... on level 1 of the Dungeon.
             The game lasted 00:00:01 (29 turns).

qw the Sneak (Ghoul Enchanter)                        Turns: 29, Time: 00:00:02

Health: -2/14      AC:  2    Str: 11    XL:     1   Next: 0%
Magic:  2/2        EV: 12    Int: 10    God:
Gold:   0          SH:  0    Dex:  9    Spells: 3/3 levels left

rFire   . . .      SeeInvis .   a - +1 dagger
rCold   + . .      Faith    .   (no shield)
rNeg    + + +      Spirit   .   b - +0 robe
rPois   inf        Reflect  .   (no helmet)
rElec   .          Harm     .   (no cloak)
rCorr   .          Rampage  .   (no gloves)
Will    .....                   (no boots)
Stlth   ++........              (no amulet)
HPRegen 0.00/turn               (no ring)
MPRegen 0.08/turn               (no ring)

@: inhibited regen
A: claws 1, cold resistance 1, negative energy resistance 3, inhibited
regeneration, torment resistance 2, devour on kill
a: no special abilities


You were on level 1 of the Dungeon.
You visited 1 branch of the dungeon, and saw 1 of its levels.


Innate Abilities, Weirdness & Mutations

You are immune to poison.
You have sharp fingernails.
Your flesh is cold resistant. (rC+)
You are immune to negative energy. (rN+++)
You do not regenerate when monsters are visible.
You are immune to unholy pain and torment.
You thrive by killing the living.


   Skills:
 - Level 0.8 Short Blades
 + Level 0.0 Axes
 - Level 1.7 Dodging
 - Level 3.2 Stealth
 - Level 1.7 Spellcasting
 - Level 2.4 Hexes


You had 3 spell levels left.
You didn't know any spells.
Your spell library contained the following spells:

 Spells                   Type           Power      Damage    Failure   Level
 Ensorcelled Hibernation  Hex/Ice        6%         N/A       30%         2
 Confusing Touch          Hex            5%         N/A       34%         3
 Tukima's Dance           Hex            5%         N/A       34%         3
 Dazzling Flash           Conj/Hex       6%         N/A       52%         3

Inventory:

Hand Weapons
 a - a +1 dagger (weapon)
Armour
 b - a +0 robe (worn)
Scrolls
 d - a scroll of immolation {unknown}
Potions
 c - 2 potions of invisibility

Dungeon Overview and Level Annotations

Branches:
Dungeon (1/15)

Altars:


Message History

Found a dagger.
There is an open door here.
d - a scroll labelled SUQEET NUPHASE A giant cockroach comes into view.
A kobold comes into view. It is wielding a +0 short sword.
Found a scroll labelled OPTOERH WAPASA.
The kobold shouts!
The giant cockroach barely misses you.
You hit the giant cockroach.
The giant cockroach is heavily wounded.
The giant cockroach bites you.
You hit the giant cockroach but do no damage.
The giant cockroach is heavily wounded.
The giant cockroach bites you.
You closely miss the giant cockroach.
The giant cockroach is heavily wounded.
The kobold hits you with a +0 short sword.
The giant cockroach bites you.
You hit the giant cockroach.
The giant cockroach is almost dead.
The kobold barely misses you. The giant cockroach bites you.
You hit the giant cockroach but do no damage.
The giant cockroach is almost dead.
The kobold misses you. The giant cockroach bites you.
You closely miss the giant cockroach.
The giant cockroach is almost dead.
The giant cockroach closely misses you.
The kobold hits you with a +0 short sword.
You closely miss the giant cockroach.
The giant cockroach is almost dead.
The giant cockroach completely misses you.
The kobold barely misses you.
You hit the giant cockroach but do no damage.
The giant cockroach is almost dead.
The giant cockroach completely misses you.
The kobold hits you but does no damage. The giant cockroach misses you.
You hit the giant cockroach.
You kill the giant cockroach!
The kobold hits you with a +0 short sword.
You die...

##?. ... .
....## . . ##.
...# .. #. #).
#..# ... #.#
#.# #..##....
#..##.#
#.K......
#....#
#@%......
#..###.###....
##......# .
#..##.#..#
##'###+##....
#...#...#.##.#
#...#.>.#.# #
#...#...#.#
#.<.#.>.#.#


You could see a kobold.

Vanquished Creatures
  A giant cockroach (D:1)
1 creature vanquished.

Notes
Turn   | Place    | Note
-------+----------+-------------------------------------------
     0 | D:1      | qw the Ghoul Enchanter began the quest for the Orb.
     0 | D:1      | Reached XP level 1. HP: 14/14 MP: 2/2
     0 | D:1      | 0 ||| qw: Version: 0.1-a-112-g44dc6cd
     0 | D:1      | 0 ||| qw: Game counter: 6796
     0 | D:1      | 0 ||| qw: Always use a shield: true
     0 | D:1      | 0 ||| qw: God list: Okawaru
     0 | D:1      | 0 ||| qw: Allow faded altars: false
     0 | D:1      | 0 ||| qw: Do Orc after D:15 true
     0 | D:1      | 0 ||| qw: Do second Lair branch before Depths: true
     0 | D:1      | 0 ||| qw: Lair rune preference: random
     0 | D:1      | 0 ||| qw: Plans: Normal
     0 | D:1      | 0 ||| PLANNING D:1-11
    26 | D:1      | HP: 1/14 [kobold/+0 short sword (3)]
    29 | D:1      | Slain by a kobold

Levels and vault maps discovered:
D:1:      minmay_arrival_up_and_down, layout_rooms,
          chequers_ecumenical_altar_simple_redux, minivault_14

Action                   || total
-------------------------++-------
Melee: Dagger            ||     9
Armor: Robe              ||     1
Dodge: Dodged            ||     8

Table legend:
 A = Non-vault XP
 B = Vault XP
 C = Vault XP percentage of total XP
 D = Non-vault monster count
 E = Vault monster count
 F = Vault count percentage of total count
                 A         B        C        D         E       F
            +---------+---------+-------+---------+---------+-------
      Total |       2 |       0 |   0.0 |       1 |       0 |   0.0
            +---------+---------+-------+---------+---------+-------
        D:1 |       2 |       0 |   0.0 |       1 |       0 |   0.0
            +---------+---------+-------+---------+---------+-------
